 Dungeon Crawl Stone Soup version 0.28.0-47-ge53b351184 (webtiles) character file.

Game seed: 1247553286249339342

137 croobank the Covert (level 5, 0/47 HPs)
             Began as a Gnoll Delver on May 1, 2022.
             Was an Initiate of Ashenzari.
             Killed by divine providence
             ... invoked by an orc priest
              (15 damage)
             ... on level 3 of the Dungeon.
             The game lasted 00:09:04 (1927 turns).

croobank the Covert (Gnoll Delver)                  Turns: 1927, Time: 00:09:07

Health: 0/47       AC:  7    Str: 14    XL:     5   Next: 20%
Magic:  7/7        EV: 13    Int:  9    God:    Ashenzari [......]
Gold:   190        SH:  0    Dex: 13    Spells: 6/6 levels left

rFire   . . .      SeeInvis .   a - +0 hand axe (freeze)
rCold   . . .      Faith    .   (no shield)
rNeg    . . .      Spirit   .   b - +0 leather armour
rPois   .          Reflect  .   v - +0 helmet
rElec   .          Harm     .   i - +2 cloak
rCorr   .          Rampage  .   (no gloves)
Will    .....                   (no boots)
Stlth   ++++......              (no amulet)
HPRegen 0.15/turn               (no ring)
MPRegen 0.10/turn               (no ring)

@: no status effects
A: fangs 1, strong nose, distributed training
a: Renounce Religion


You were on level 3 of the Dungeon.
You worshipped Ashenzari.
Ashenzari was noncommittal.
You visited 1 branch of the dungeon, and saw 5 of its levels.

You collected 190 gold pieces.

Inventory:

Hand Weapons
 a - a +0 hand axe of freezing (weapon)
 r - a +0 mace
Missiles
 h - 130 stones (quivered)
 p - 5 javelins
 s - 6 poisoned darts
 u - 21 arrows
Armour
 b - a +0 leather armour (worn)
 i - a +2 cloak (worn)
 l - a +0 ring mail
 v - a +0 helmet (worn)
Magical Staves
 k - a staff of earth
 t - a staff of conjuration
Jewellery
 q - a ring of protection from fire
Wands
 g - a wand of digging (3)
Scrolls
 c - 2 scrolls of fog
 d - 2 scrolls of magic mapping
 e - 2 scrolls of amnesia
 o - a scroll of brand weapon
Potions
 f - a potion of brilliance
 j - 2 potions of curing
 m - a potion of magic {unknown}
 n - 2 potions of flight {unknown}
 w - a potion of attraction {unknown}


   Skills:
 + Level 6.6 Fighting
 + Level 1.4 Short Blades
 + Level 1.4 Long Blades
 + Level 4.7 Axes
 + Level 1.4 Maces & Flails
 + Level 1.4 Polearms
 + Level 1.4 Staves
 + Level 1.4 Slings
 + Level 1.4 Bows
 + Level 1.4 Crossbows
 + Level 1.4 Throwing
 + Level 1.4 Armour
 + Level 4.7 Dodging
 + Level 9.6 Stealth
 + Level 1.4 Shields
 + Level 1.4 Unarmed Combat
 + Level 1.4 Spellcasting
 + Level 1.1 Conjurations
 + Level 1.1 Hexes
 + Level 1.1 Summonings
 + Level 1.1 Necromancy
 + Level 1.1 Translocations
 + Level 1.1 Transmutations
 + Level 1.1 Fire Magic
 + Level 1.1 Ice Magic
 + Level 1.1 Air Magic
 + Level 1.1 Earth Magic
 + Level 1.1 Poison Magic
 + Level 1.5 Invocations
 + Level 1.4 Evocations


You had 6 spell levels left.
You didn't know any spells.
Your spell library contained the following spells:

 Spells                   Type           Power      Damage    Failure   Level
 Stone Arrow              Conj/Erth      4%         3d7       63%         3
 Animate Armour           Summ/Erth      4%         N/A       95%         4
 Lehudib's Crystal Spear  Conj/Erth      1%         10d2      100%        8


Dungeon Overview and Level Annotations

Branches:
Dungeon (5/15)
 Temple: D:4-7

Altars:
Ashenzari
Dithmenos
Fedhas
Yredelemnul

Shops:
D:4 =

Annotations:
D:2 Sigmund


Innate Abilities, Weirdness & Mutations

You have very sharp teeth.
Your uncanny sense of smell can sniff out nearby items.
Your experience applies equally to all skills.


Message History

The orc priest invokes the aid of Beogh against you.
Beogh smites you!
The orc priest looks braver for a moment.
You hit the orc priest but do no damage.
Your bite misses the orc priest.
The orc priest hits you but does no damage.
You completely miss the orc priest.
The orc priest miscasts a cantrip.
Okay, then.
Okay, then.
You hit the orc priest but do no damage.
The orc priest hits you but does no damage.
The orc priest invokes the aid of Beogh against you.
Pain shoots through your body!
You hit the orc priest. You freeze the orc priest.
The orc priest is heavily wounded.
You hit the orc priest but do no damage.
The orc priest barely misses you.
You completely miss the orc priest.
The orc priest is heavily wounded.
You barely miss the orc.
The orc priest casts a cantrip, but nothing happens.
You closely miss the orc priest.
The orc priest is heavily wounded.
You closely miss the orc.
The orc priest calls upon Beogh to heal the orc priest.
The orc priest is healed somewhat.
The orc hits you but does no damage.
The orc priest hits you but does no damage.
Unknown command.
You hit the orc priest. You freeze the orc priest.
The orc priest is severely wounded.
You hit the orc but do no damage. The orc hits you but does no damage.
The orc priest hits you with a +0 hand axe.
You closely miss the orc priest.
The orc priest is severely wounded.
You hit the orc. You freeze the orc.
You kill the orc!
The orc priest invokes the aid of Beogh against you.
Beogh smites you!
You die...

#.#.### .. .
#######.....####.#
##................# ∆
#....≈.≈≈≈.≈≈≈.≈§.#
#.....§...§.≈§§.≈§.#
#.....§≈≈§§§≈.≈≈≈§.#
#.......≈.≈.≈.≈...##
##...._.o§§....._.# #
##.....≈@≈.≈.≈...# ###
###.≈≈≈o≈.≈.≈≈≈.######..
#.≈o.o§.≈...≈.##.....#
#.≈.≈§§.≈§≈§§§##.#####
#......§......##.#
#########..÷.....##
##..##....####
###..#.##....#
######......#####..


You could see 3 orc priests and an orc.

Vanquished Creatures
  A scorpion zombie (D:3)
  Natasha (D:2)
  A hound zombie (D:3)
  A howler monkey zombie (D:3)
  2 adders (D:3)
  An ufetubus (D:5)
  An adder zombie (D:3)
  An orc (D:3)
  An endoplasm (D:3)
  2 giant cockroaches
  2 goblins (D:2)
  4 hobgoblins
  A quokka (D:1)
  8 ball pythons
  A bat (D:2)
  6 kobolds
  4 rats
38 creatures vanquished.

Notes
Turn   | Place    | Note
-------+----------+-------------------------------------------
     0 | D:5      | Reached skill level 9 in Stealth
     0 | D:5      | croobank the Gnoll Delver began the quest for the Orb.
     0 | D:5      | Reached XP level 1. HP: 23/23 MP: 1/1
    30 | D:5      | Noticed a scorpion
    32 | D:5      | Noticed a black bear
    47 | D:4      | Noticed an ogre
    47 | D:4      | Found Fumimmio's Jewellery Boutique.
   132 | D:1      | Reached XP level 2. HP: 29/29 MP: 2/2
   705 | D:2      | Noticed Sigmund
   751 | D:2      | Noticed Natasha
   771 | D:2      | Killed Natasha
   772 | D:2      | Reached skill level 1 in Invocations
   772 | D:2      | Reached XP level 3. HP: 19/35 MP: 2/4
  1105 | D:2      | Reached skill level 1 in Short Blades
  1105 | D:2      | Reached skill level 1 in Long Blades
  1105 | D:2      | Reached skill level 1 in Maces & Flails
  1105 | D:2      | Reached skill level 1 in Polearms
  1105 | D:2      | Reached skill level 1 in Staves
  1105 | D:2      | Reached skill level 1 in Slings
  1105 | D:2      | Reached skill level 1 in Bows
  1105 | D:2      | Reached skill level 1 in Crossbows
  1105 | D:2      | Reached skill level 1 in Throwing
  1105 | D:2      | Reached skill level 1 in Armour
  1105 | D:2      | Reached skill level 1 in Shields
  1105 | D:2      | Reached skill level 1 in Unarmed Combat
  1105 | D:2      | Reached skill level 1 in Spellcasting
  1105 | D:2      | Reached skill level 1 in Evocations
  1288 | D:2      | Reached XP level 4. HP: 41/41 MP: 5/5
  1392 | D:3      | Found a broken altar of Ashenzari.
  1403 | D:3      | Became a worshipper of Ashenzari the Shackled
  1479 | D:3      | Reached skill level 1 in Conjurations
  1479 | D:3      | Reached skill level 1 in Hexes
  1479 | D:3      | Reached skill level 1 in Summonings
  1479 | D:3      | Reached skill level 1 in Necromancy
  1479 | D:3      | Reached skill level 1 in Translocations
  1479 | D:3      | Reached skill level 1 in Transmutations
  1479 | D:3      | Reached skill level 1 in Fire Magic
  1479 | D:3      | Reached skill level 1 in Ice Magic
  1479 | D:3      | Reached skill level 1 in Air Magic
  1479 | D:3      | Reached skill level 1 in Earth Magic
  1479 | D:3      | Reached skill level 1 in Poison Magic
  1570 | D:3      | Found a basalt altar of Yredelemnul.
  1583 | D:3      | Reached XP level 5. HP: 43/47 MP: 5/7
  1632 | D:3      | Found a shadowy altar of Dithmenos.
  1904 | D:3      | Found a blossoming altar of Fedhas.
  1927 | D:3      | Killed from afar by an orc priest

Illustrated notes

Levels and vault maps discovered:
D:1:      amcnicky_arrival_choice, layout_loops_ring
D:2:      layout_loops_cross, uniq_natasha, uniq_sigmund
D:3:      layout_rooms, mainiacjoe_overflow_catwalk,
          nicolae_yredelemnul_corpse_copse, mainiacjoe_overflow_large_starburst
D:4:      layout_gridville, vehumet_statue, serial_shops,
          nicolae_shop_bloodbath_and_beyond, shop, nicolae_inconvenience_store,
          uniq_crazy_yiuf_cottage
D:5:      layout_rooms, nzn_wu_jian_contemplation,
          minmay_temple_entry_statues_pillars, nicolae_take_the_stairs,
          nrook_loot_triangle

Skill      XL: |  1  2  3  4 |
---------------+-------------+-----
Stealth        | |  9.6
Invocations    | 1 |  1.5
Short Blades   | 1 |  1.4
Long Blades    | 1 |  1.4
Maces & Flails | 1 |  1.4
Polearms       | 1 |  1.4
Staves         | 1 |  1.4
Slings         | 1 |  1.4
Bows           | 1 |  1.4
Crossbows      | 1 |  1.4
Throwing       | 1 |  1.4
Armour         | 1 |  1.4
Shields        | 1 |  1.4
Unarmed Combat | 1 |  1.4
Spellcasting   | 1 |  1.4
Evocations     | 1 |  1.4
Conjurations   | 1 |  1.1
Hexes          | 1 |  1.1
Summonings     | 1 |  1.1
Necromancy     | 1 |  1.1
Translocations | 1 |  1.1
Transmutations | 1 |  1.1
Fire Magic     | 1 |  1.1
Ice Magic      | 1 |  1.1
Air Magic      | 1 |  1.1
Earth Magic    | 1 |  1.1
Poison Magic   | 1 |  1.1
Fighting       | |  6.6
Axes           | |  4.7
Dodging        | |  4.7

Action                   |  1- 3 |  4- 6 || total
-------------------------+-------+-------++-------
Melee: Hand axe          |    71 |    70 ||   141
       Bite              |     7 |     7 ||    14
       Punch             |       |     2 ||     2
  Use: Scroll            |     1 |     9 ||    10
       Potion            |     1 |       ||     1
 Stab: Sleeping          |    13 |     5 ||    18
Armor: Leather armour    |    10 |    18 ||    28
Dodge: Dodged            |    43 |    51 ||    94
